 Dungeon Crawl Stone Soup version 0.29.1-15-g9cfb28693d (webtiles) character file.

Game seed: 96158013676862585

1827 Heoruswealwe the Thaumaturge (level 8, -1/41 HPs)
             Began as a Deep Elf Earth Elementalist on May 3, 2023.
             Shot with an arrow by a centaur (12 damage)
             ... on level 6 of the Dungeon.
             The game lasted 00:56:18 (4767 turns).

Heoruswealwe the Thaumaturge (DEEE)                 Turns: 4767, Time: 00:56:18

Health: -1/41      AC:  7    Str:  5    XL:     8   Next: 86%
Magic:  34/34      EV: 12    Int: 23    God:
Gold:   212        SH:  0    Dex: 15    Spells: 19/29 levels left

rFire   + . .      SeeInvis .   a - staff of earth
rCold   . . .      Faith    .   (no shield)
rNeg    . . .      Spirit   .   c - +2 robe {rF+}
rPois   .          Reflect  .   (no helmet)
rElec   .          Harm     .   h - +0 cloak
rCorr   .          Rampage  .   f - +1 pair of gloves
Will    .....                   (no boots)
Stlth   +.........              (no amulet)
HPRegen 0.13/turn               k - ring of wizardry
MPRegen 0.24/turn               j - ring of magical power

@: confused, ambrosia-drunk
A: no striking features
a: no special abilities


You were on level 6 of the Dungeon.
You visited 1 branch of the dungeon, and saw 6 of its levels.
You also visited: Sewer.

You collected 374 gold pieces.
You spent 162 gold pieces at shops.

Inventory:

Hand Weapons
 b - a +0 vorpal hand axe
Armour
 c - a +2 robe of fire resistance (worn)
 f - a +1 pair of gloves (worn)
 h - a +0 cloak (worn)
Magical Staves
 a - a staff of earth (weapon)
Jewellery
 j - a ring of magical power (right hand)
 k - a ring of wizardry (left hand)
Wands
 g - a wand of paralysis (2)
Scrolls
 d - a scroll of summoning
 e - a scroll of enchant weapon
 l - 2 scrolls of amnesia
 m - 2 scrolls of blinking
 o - a scroll of magic mapping {unknown}
 s - a scroll of fear
 t - 5 scrolls of teleportation {unknown}
 x - a scroll of vulnerability {unknown}
 A - a scroll of torment {unknown}
 B - a scroll of butterflies {unknown}
 C - a scroll of silence {unknown}
Potions
 i - a potion of haste {unknown}
 n - a potion of heal wounds {unknown}
 p - 2 potions of flight {unknown}
 q - 3 potions of ambrosia
 r - 4 potions of curing {unknown}
 u - a potion of cancellation {unknown}
 v - 2 potions of brilliance {unknown}
 w - a potion of resistance {unknown}
 y - a potion of magic
 z - a potion of might {unknown}
 D - a potion of mutation {unknown}


   Skills:
 - Level 2.4 Dodging
 - Level 2.4 Stealth
 + Level 11.0 Spellcasting
 - Level 1.1 Transmutations
 + Level 9.5 Earth Magic


You had 19 spell levels left.
You knew the following spells:

 Your Spells              Type           Power      Damage    Failure   Level
a - Sandblast             Erth           100%       2d20      1%          1
b - Stone Arrow           Conj/Erth      100%       3d13      1%          3
c - Petrify               Tmut/Erth      54%        N/A       2%          4
z - Passwall              Tmut/Erth      45%        N/A       1%          2

Your spell library contained the following spells:

 Spells                   Type           Power      Damage    Failure   Level
 Ignite Poison            Fire/Tmut/Pois 14%        N/A       5%          3
 Gell's Gravitas          Tloc           12%        N/A       6%          3
 Lesser Beckoning         Tloc           12%        N/A       6%          3
 Teleport Other           Tloc           12%        N/A       6%          3
 Sticky Flame             Conj/Fire      12%        2d4       21%         4
 Fireball                 Conj/Fire      6%         3d5       45%         5
 Starburst                Conj/Fire      6%         6d4       95%         6


Dungeon Overview and Level Annotations

Branches:
Dungeon (6/15)              Sewer (visited)
 Temple: D:4-7

Altars:
Dithmenos
Okawaru

Shops:
D:2 [   D:3 ?


Message History

A centaur comes into view.
Found 14 gold pieces.
The water moccasin hisses angrily.
You feel a surge of power!
The blast of sand hits the water moccasin!!
The water moccasin is almost dead.
A necrophage comes into view.
You feel a surge of power!
The blast of sand misses the water moccasin.
The water moccasin bites you but does no damage.
The water moccasin barely misses you.
You feel a surge of power!
The blast of sand hits the water moccasin!!
You kill the water moccasin!
You feel a surge of power!
The blast of sand hits the necrophage!
The necrophage is heavily damaged.
You feel a surge of power!
The blast of sand hits the necrophage!!
You destroy the necrophage!
Your Spellcasting skill increases to level 11!
You see here a water moccasin corpse.
You feel a surge of power!
The blast of sand hits the centaur!
The centaur is heavily wounded.
The centaur shouts!
The centaur wields a +0 shortbow.
The centaur shoots an arrow.
The arrow hits you.
The centaur shoots an arrow.
The arrow hits you!
You feel a surge of power!
The blast of sand misses the centaur.
The centaur shoots an arrow.
The arrow hits you!
The centaur shoots an arrow.
The arrow hits you!
* * * LOW HITPOINT WARNING * * *
You are too injured to fight recklessly!
It was a potion of ambrosia.
You are confused.
You feel invigorated.
The centaur shoots an arrow.
The arrow barely misses you.
The centaur shoots an arrow.
The arrow hits you!
The centaur shoots an arrow.
The arrow hits you.
The centaur shoots an arrow.
The arrow hits you!
* * * LOW HITPOINT WARNING * * *
The centaur shoots an arrow.
The arrow hits you!
You die...

#......#.## #.
#......#.)# #. .####
#......##.# #. .....##
#......##.# #.
.......####....####.###.
...............# #.##..
#............# #..#.#
###............# ##...#
.......@.......######..#
.....c.#...............#
....$..#................
.......#................
.......#................
.......######...........
....... #...........
....... #...........
#...........


You could see a centaur.

Vanquished Creatures
  Sigmund (D:3)
  Edmund (D:4)
  A water moccasin (D:6)
  An ice beast (D:5)
  An ogre (D:5)
  A centaur (D:5)
  A phantom (D:6)
  3 bullfrogs
  A scorpion (D:3)
  2 necrophages
  3 hounds
  A jelly (D:5)
  A gnoll bouda (D:4)
  2 iguanas
  21 gnolls
  20 adders
  A white imp (D:6)
  3 dart slugs
  13 orcs
  3 bats
  6 endoplasms
  16 giant cockroaches
  8 hobgoblins
  4 jackals
  10 quokkas
  17 ball pythons
  13 frilled lizards
  2 goblins
  6 kobolds
  7 rats
170 creatures vanquished.

Vanquished Creatures (others)
  3 fungi (D:3)
  3 plants
6 creatures vanquished.

Grand Total: 176 creatures vanquished

Notes
Turn   | Place    | Note
-------+----------+-------------------------------------------
     0 | D:1      | Heoruswealwe the Deep Elf Earth Elementalist began the
                  | quest for the Orb.
     0 | D:1      | Reached XP level 1. HP: 10/10 MP: 6/6
   113 | D:1      | Reached XP level 2. HP: 12/15 MP: 1/8
   116 | D:1      | Learned a level 2 spell: Passwall
   266 | D:1      | Got the Papyrus of the Coals and the Snake
   790 | D:2      | Reached skill level 4 in Spellcasting
   817 | D:2      | Reached XP level 3. HP: 19/19 MP: 7/10
   821 | D:2      | Learned a level 3 spell: Stone Arrow
   913 | D:2      | Found Wystrues's Armour Boutique.
   958 | D:2      | Bought a +0 robe for 9 gold pieces
   958 | D:2      | Bought a +0 robe for 9 gold pieces
  1027 | D:2      | Reached XP level 4. HP: 24/24 MP: 8/12
  1032 | D:2      | Learned a level 4 spell: Petrify
  1397 | D:2      | Reached skill level 5 in Spellcasting
  1402 | D:2      | Reached skill level 5 in Earth Magic
  1583 | D:3      | Reached XP level 5. HP: 28/28 MP: 12/14
  1605 | D:3      | Noticed Sigmund
  1613 | D:3      | Killed Sigmund
  1614 | D:3      | Reached skill level 6 in Spellcasting
  1614 | D:3      | Reached XP level 6. HP: 10/32 MP: 9/17
  1645 | D:3      | Found Rewego's Magic Scroll Shoppe.
  1797 | D:3      | Bought a scroll of identify for 24 gold pieces
  1797 | D:3      | Bought a scroll of fear for 48 gold pieces
  1797 | D:3      | Bought a scroll of identify for 24 gold pieces
  1841 | D:3      | Found a faded altar of an unknown god.
  2229 | D:3      | Reached skill level 7 in Spellcasting
  2366 | D:3      | Bought a scroll of amnesia for 48 gold pieces
  2500 | D:4      | Found a glowing drain.
  2515 | Sewer    | Entered a sewer
  2519 | Sewer    | Reached XP level 7. HP: 35/36 MP: 13/19
  2710 | Sewer    | Reached skill level 8 in Spellcasting
  2997 | D:4      | Found an iron altar of Okawaru.
  3065 | D:4      | Found a shadowy altar of Dithmenos.
  3250 | D:4      | Noticed Edmund
  3258 | D:4      | Killed Edmund
  3259 | D:4      | Reached skill level 9 in Spellcasting
  3259 | D:4      | Reached XP level 8. HP: 34/41 MP: 14/23
  3328 | D:5      | Entered Level 5 of the Dungeon
  4018 | D:5      | Reached skill level 10 in Spellcasting
  4760 | D:6      | Reached skill level 11 in Spellcasting
  4767 | D:6      | Shot with an arrow by a centaur

Illustrated notes

Levels and vault maps discovered:
D:1:      mrwooster_arrival_arrow, layout_rooms, kennysheep_decorative_pillar,
          minivault_23, minmay_misc_feat_ornament, minivault_27
D:2:      layout_loops_cross, serial_shops, nicolae_shop_stone,
          chequers_serial_rivers_room_b
D:3:      minmay_spotlight, layout_loops_ring, serial_shops,
          nicolae_shop_advertising_works [nicolae_subvault_shop_adworks],
          shapermc_ecumenical_altar_ellora, uniq_sigmund
D:4:      layout_loops_ring, mainiacjoe_overflow_swirl, gup_sewer_entry_glass,
          minmay_misc_feat_five, serial_bayou_pond_e, uniq_edmund
D:5:      layout_basic, chequers_decorated_corner, kennysheep_small_square
D:6:      layout_basic

Skill      XL: |  1  2  3  4  5  6  7  8 |
---------------+-------------------------+-----
Earth Magic    | 4 5 6 7 9 |  9.5
Spellcasting   | 4 5 6 7 9 11 | 11.0
Dodging        | |  2.4
Stealth        | |  2.4
Transmutations | |  1.1

Action                   |  1- 3 |  4- 6 |  7- 9 || total
-------------------------+-------+-------+-------++-------
Melee: Unarmed           |       |    25 |       ||    25
       Staff             |       |       |     4 ||     4
 Cast: Sandblast         |    42 |    67 |   139 ||   248
       Passwall          |       |     2 |     3 ||     5
       Stone Arrow       |       |       |     1 ||     1
  Use: Scroll            |       |     6 |     2 ||     8
       Potion            |       |       |     1 ||     1
Armor: Robe              |     1 |     7 |    14 ||    22
Dodge: Dodged            |     7 |    13 |    43 ||    63
